 Dungeon Crawl Stone Soup version 0.17-a0-2002-g92c7e20 (webtiles) character file.

7 4thArraOfDagon the Gusty (level 1, 0/14 HPs)
             Began as a Centaur Air Elementalist on Oct 8, 2015.
             Slain by an orc
             ... wielding a +0 short sword
              (3 damage)
             ... on level 3 of the Dungeon.
             The game lasted 00:01:44 (280 turns).

4thArraOfDagon the Gusty (Centaur Air Elementalist)  Turns: 280, Time: 00:01:44

Health: 0/14       AC: 12    Str: 10    XL:     1   Next: 91%
Magic:  3/3        EV: 18    Int: 14    God:
Gold:   67         SH:  0    Dex:  9    Spells: 1 memorised, 2 levels left

rFire  . . .     SeeInvis .     (weapon currently unavailable)
rCold  . . .     Clarity  .     (armour currently unavailable)
rNeg   + + +     SustAt   .     (shield currently unavailable)
rPois  +         Gourm    .     (no helmet)
rElec  .         Spirit   .     (cloak currently unavailable)
rCorr  .         Warding  .     (gloves currently unavailable)
rMut   .         Stasis   .     (no barding)
MR     .....                    (no amulet)
Stlth  +.........               (no ring)
                                (no ring)

@: fungus-form, not resistant to hostile enchantments, very unstealthy
A: (hooves 0), (deformed body), (speed 0), (tough skin 0)
a: no special abilities


You were on level 3 of the Dungeon.
You were not hungry.
You were a sentient fungus.
You visited 1 branch of the dungeon, and saw 3 of its levels.

You collected 67 gold pieces.

Inventory:

Hand Weapons
 d - a +0 short sword (melded)
Armour
 a - a +0 robe (melded)
 e - a +2 pair of gloves (melded)
Wands
 f - a wand of polymorph (18)
Books
 b - a book of Air

   Spells                             Type                      Level
   a - Shock                          Conjuration/Air              1
   b - Swiftness                      Charms/Air                   2
   c - Repel Missiles                 Charms/Air                   2
   d - Static Discharge               Conjuration/Air              3
   e - Lightning Bolt                 Conjuration/Air              5
Comestibles
 c - a bread ration
 g - 4 chunks of flesh


   Skills:
 - Level 1.3 Dodging
 - Level 1.2 Stealth
 + Level 1.6 Spellcasting
 * Level 1.2 Conjurations
 * Level 2.9 Air Magic


You had 2 spell levels left.
You knew the following spells:

 Your Spells              Type           Power        Failure   Level  Hunger
a - Shock                 Conj/Air       #...         12%         1    ##.....


Dungeon Overview and Level Annotations

Branches:
Dungeon (3/15)

Altars:


Innate Abilities, Weirdness & Mutations

((You have hooves in place of feet.))
((Armour fits poorly on your strangely shaped body.))
((You cover ground very quickly.))
((You have extremely tough skin (AC +3).))


Message History

Unknown command.
Unknown command.
Your unstable footing causes you to fumble your attack.
The orc splashes around in the water.
The rat closely misses you. The adder bites you but does no damage.
The orc misses you.
Unknown command.
Unknown command.
Your unstable footing causes you to fumble your attack.
The adder misses you. The orc completely misses you.
The rat splashes around in the water.
The orc hits you but does no damage.
Unknown command.
Unknown command.
Your unstable footing causes you to fumble your attack.
The adder barely misses you. The rat bites you but does no damage.
The orc closely misses you. The orc misses you.
The adder completely misses you.
Unknown command.
Your unstable footing causes you to fumble your attack.
The rat closely misses you. The orc hits you with a short sword.
You die...

##.....#.######
#....!#.>....#
#.......o.#.#
#.[.........#
####.(..oo#####
#.....ho.o.#
##.#######.#
##≈######r## #o#
#≈≈≈≈≈≈≈≈Sf###.#
#≈≈≈####ooo#.o.#
# ##h##.###
#≈##o# #≈##.#
##≈##.# #≈≈≈#.#
#≈≈≈#o# ##≈##.#


You could see an adder, 3 orcs, a jackal and a rat.

Vanquished Creatures
  A bat (D:1)
  A goblin (D:1)
  A hobgoblin (D:2)
  A giant newt (D:2)
  2 kobolds
  2 rats
8 creatures vanquished.

Notes
Turn   | Place    | Note
--------------------------------------------------------------
     0 | D:1      | 4thArraOfDagon the Centaur Air Elementalist began the quest for the Orb.
     0 | D:1      | Reached XP level 1. HP: 14/14 MP: 3/3
    36 | D:1      | Reached skill level 1 in Conjurations
   223 | D:3      | Noticed an orc wizard
   280 | D:3      | Slain by an orc

Vault maps used:
D:1:      minmay_arrival_shattered_statue
D:2:      old_standard_altar, first_bread, serial_bayou_pond_e
D:3:      lemuel_doored_altar, nicolae_gozag_cash_rules_everything_around_me,
          lemuel_crystal_altar, gup_sewer_entry_bubbles, uniq_sigmund,
          uniq_natasha

Action                   || total
-------------------------++-------
Melee: Short sword       ||    25
       Unarmed           ||    20
 Cast: Shock             ||     7
Evoke: Wand              ||     1
